TOP OF THE 1ST |
Springfield Cardinals batting - Pitching for Mississippi Braves : RHP Ryan DeMille
|
Pitching: RHP Ryan DeMille
|
|
Batting: RHB Fekadu Alhaadi
|
0-0: Ball 1-0: Ball 2-0: Ball 3-0: Called Strike 3-1: Base on Balls
|
Batting: LHB Travis Ruppel
|
0-0: Called Strike Fekadu Alhaadi steals 2nd base 0-1: Swinging Strike 0-2: Ball 1-2: Ball 2-2: Ball 3-2: Ground out U3 (Groundball, 34, EV 103.8 MPH) Fekadu Alhaadi to third
|
Batting: RHB Tyler Walker
|
0-0: Ball 1-0: Foul Ball, location: 2F 1-1: Called Strike 1-2: Ground out 4-3 (Groundball, 34, EV 91.9 MPH) Fekadu Alhaadi scores
|
Batting: RHB Joe Alley
|
0-0: Swinging Strike 0-1: Foul Ball, location: 2F 0-2: Strikes out swinging
|
Top of the 1st over - 1 run, 0 hits, 0 errors, 0 left on base; Springfield 1 - Mississippi 0 |
BOTTOM OF THE 1ST |
Mississippi Braves batting - Pitching for Springfield Cardinals : LHP Ed Gates
|
Pitching: LHP Ed Gates
|
|
Batting: RHB Jordan Martin
|
0-0: Called Strike 0-1: Ball 1-1: Swinging Strike 1-2: Ball 2-2: Strikes out swinging
|
Batting: RHB Yojiro Hayashi
|
0-0: Ball 1-0: Called Strike 1-1: Ground out 6-3 (Groundball, 6MS, EV 80.0 MPH)
|
Batting: RHB Erik Coleman
|
0-0: Called Strike 0-1: Ball 1-1: Called Strike 1-2: Ball 2-2: Foul Ball, location: 2F 2-2: Strikes out swinging
|
Bottom of the 1st over - 0 runs, 0 hits, 0 errors, 0 left on base; Springfield 1 - Mississippi 0 |
TOP OF THE 2ND |
Springfield Cardinals batting - Pitching for Mississippi Braves : RHP Ryan DeMille
|
Batting: RHB Jose Rivera
|
0-0: Called Strike 0-1: Ball 1-1: Ball 2-1: SINGLE (Groundball, 6D, EV 97.5 MPH)
|
Batting: RHB Davey Beeson
|
0-0: Ball 1-0: Ball 2-0: Ball 3-0: SINGLE (Line Drive, 34, EV 95.6 MPH) Jose Rivera to second Runner from 2nd tries for 3rd, SAFE, no throw by RF
|
Batting: RHB Jose Jimenez
|
0-0: Swinging Strike 0-1: Ball 1-1: Ball 2-1: Called Strike 2-2: Strikes out swinging
|
Batting: SHB Jorge Brito
|
0-0: Ball 1-0: Ball 2-0: Foul Ball, location: 2F 2-1: Foul Ball, location: 2F 2-2: Strikes out looking
|
Batting: RHB Herbert Loveless
|
0-0: Swinging Strike 0-1: Ball 1-1: Swinging Strike 1-2: Strikes out looking
|
Top of the 2nd over - 0 runs, 2 hits, 0 errors, 2 left on base; Springfield 1 - Mississippi 0 |
BOTTOM OF THE 2ND |
Mississippi Braves batting - Pitching for Springfield Cardinals : LHP Ed Gates
|
Batting: LHB Art D'Ascenzo
|
0-0: Ball 1-0: Foul Ball, location: 2F 1-1: Ball 2-1: Called Strike 2-2: Strikes out looking
|
Batting: RHB Jose Garate
|
0-0: Called Strike 0-1: Ball 1-1: SOLO HOME RUN (Flyball, 89XD, EV 98.8 MPH), Distance : 395 ft
|
Batting: SHB Jose Melendez
|
0-0: Called Strike 0-1: Foul Ball, location: 2F 0-2: Ball 1-2: Ball 2-2: Strikes out swinging, 2-3 out at first.
|
Batting: SHB David Beauchamp
|
0-0: Called Strike 0-1: Called Strike 0-2: Ball 1-2: Strikes out swinging
|
Bottom of the 2nd over - 1 run, 1 hit, 0 errors, 0 left on base; Springfield 1 - Mississippi 1 |
TOP OF THE 3RD |
Springfield Cardinals batting - Pitching for Mississippi Braves : RHP Ryan DeMille
|
Batting: RHB Fekadu Alhaadi
|
0-0: Ball 1-0: Ball 2-0: Ball 3-0: Base on Balls
|
Batting: LHB Travis Ruppel
|
0-0: Ball 1-0: Foul Ball, location: 2F 1-1: Ball 2-1: SINGLE (Line Drive, 7S, EV 108.1 MPH) Fekadu Alhaadi to second
|
Batting: RHB Tyler Walker
|
0-0: Foul Ball, location: 2F 0-1: Called Strike Fekadu Alhaadi steals 3rd base 0-2: DOUBLE (Line Drive, 89D, EV 108.1 MPH) Fekadu Alhaadi scores Travis Ruppel to third
|
Batting: RHB Joe Alley
|
0-0: Ball 1-0: Fly out, F8 (Flyball, 8LXD, EV 104.4 MPH) Runner from 3rd tags up, SCORES, no throw by CF
|
Batting: RHB Jose Rivera
|
0-0: Called Strike 0-1: Ground out 5-3 (Groundball, 56, EV 100.6 MPH)
|
Batting: RHB Davey Beeson
|
0-0: Ball 1-0: Called Strike 1-1: Swinging Strike 1-2: Ball 2-2: Ball 3-2: Base on Balls
|
Batting: RHB Jose Jimenez
|
0-0: Called Strike 0-1: Ball 1-1: Swinging Strike 1-2: Ball 2-2: Strikes out swinging
|
Top of the 3rd over - 2 runs, 2 hits, 0 errors, 2 left on base; Springfield 3 - Mississippi 1 |
BOTTOM OF THE 3RD |
Mississippi Braves batting - Pitching for Springfield Cardinals : LHP Ed Gates
|
Batting: RHB Alex Velasquez
|
0-0: Ball 1-0: Swinging Strike 1-1: Ground out 4-3 (Groundball, 4, EV 85.0 MPH)
|
Batting: RHB Adrian Billups
|
0-0: Foul Ball, location: 2F 0-1: Ball 1-1: Ball 2-1: Ground out 4-3 (Groundball, 4, EV 111.2 MPH)
|
Batting: RHB Jordan Martin
|
0-0: Called Strike 0-1: SINGLE (Groundball, 4MD, EV 96.9 MPH)
|
Batting: RHB Yojiro Hayashi
|
Pickoff Throw to First - Out! 1-3 CS
|
Bottom of the 3rd over - 0 runs, 1 hit, 0 errors, 0 left on base; Springfield 3 - Mississippi 1 |
TOP OF THE 4TH |
Springfield Cardinals batting - Pitching for Mississippi Braves : RHP Ryan DeMille
|
Batting: SHB Jorge Brito
|
0-0: Called Strike 0-1: Ball 1-1: Swinging Strike 1-2: Foul Ball, location: 2F 1-2: Ball 2-2: Fly out, F4 (Popup, 3D, EV 65.0 MPH)
|
Batting: RHB Herbert Loveless
|
0-0: Called Strike 0-1: Foul Ball, location: 2F 0-2: Ball 1-2: Ground out 5-3 (Groundball, 56, EV 80.0 MPH)
|
Batting: RHB Fekadu Alhaadi
|
0-0: Ball 1-0: Called Strike 1-1: Ball 2-1: Foul Ball, location: 2F 2-2: Strikes out swinging
|
Top of the 4th over - 0 runs, 0 hits, 0 errors, 0 left on base; Springfield 3 - Mississippi 1 |
BOTTOM OF THE 4TH |
Mississippi Braves batting - Pitching for Springfield Cardinals : LHP Ed Gates
|
Batting: RHB Yojiro Hayashi
|
0-0: Ball 1-0: Foul Ball, location: 2F 1-1: Fly out, F8 (Flyball, 8LD, EV 90.6 MPH)
|
Batting: RHB Erik Coleman
|
0-0: Swinging Strike 0-1: Ball 1-1: Foul Ball, location: 2F 1-2: Foul Ball, location: 2F 1-2: Foul Ball, location: 2F 1-2: SINGLE (Line Drive, 7S, EV 91.9 MPH)
|
Batting: LHB Art D'Ascenzo
|
0-0: DOUBLE (Flyball, 78D, EV 98.8 MPH) Erik Coleman to third
|
Batting: RHB Jose Garate
|
0-0: Ball 1-0: Ball 2-0: Called Strike 2-1: DOUBLE (Flyball, 8RXD, EV 86.9 MPH) Erik Coleman scores Art D'Ascenzo scores
|
Batting: SHB Jose Melendez
|
0-0: Intentional Walk
|
Batting: SHB David Beauchamp
|
0-0: Called Strike 0-1: Fielders Choice at 2nd, 5-4 (Groundball, 5, EV 85.6 MPH) Jose Garate to third
|
Batting: RHB Alex Velasquez
|
0-0: Fielders Choice at 2nd, 5-4 (Groundball, 56, EV 90.6 MPH)
|
Bottom of the 4th over - 2 runs, 3 hits, 0 errors, 2 left on base; Springfield 3 - Mississippi 3 |
TOP OF THE 5TH |
Springfield Cardinals batting - Pitching for Mississippi Braves : RHP Ryan DeMille
|
Batting: LHB Travis Ruppel
|
0-0: Ball 1-0: Fly out, F8 (Flyball, 8RM, EV 79.4 MPH)
|
Batting: RHB Tyler Walker
|
0-0: Ball 1-0: Ball 2-0: Ball 3-0: Base on Balls
|
Batting: RHB Joe Alley
|
0-0: Foul Ball, location: 2F 0-1: Swinging Strike 0-2: Strikes out swinging
|
Batting: RHB Jose Rivera
|
0-0: Called Strike 0-1: Ball 1-1: Called Strike Tyler Walker steals 2nd base 1-2: SINGLE (Groundball, 56D, EV 108.1 MPH) Tyler Walker to third Runner from 3rd tries for Home, SAFE, throw by LF to home
|
Batting: RHB Davey Beeson
|
0-0: Called Strike 0-1: Ball 1-1: Ball 2-1: Ball 3-1: Base on Balls Jose Rivera to second
|
Pitching: RHP Thomas Crowner
|
|
Batting: RHB Jose Jimenez
|
0-0: Ball 1-0: Ball 2-0: Ball 3-0: Base on Balls Jose Rivera to third Davey Beeson to second
|
Batting: SHB Jorge Brito
|
0-0: Fielders Choice at 2nd, 6-4 (Groundball, 6, EV 82.5 MPH)
|
Top of the 5th over - 1 run, 1 hit, 0 errors, 3 left on base; Springfield 4 - Mississippi 3 |
BOTTOM OF THE 5TH |
Mississippi Braves batting - Pitching for Springfield Cardinals : LHP Ed Gates
|
Batting: RHB Adrian Billups
|
0-0: Called Strike 0-1: Ball 1-1: Ball 2-1: Ground out 5-3 (Groundball, 56, EV 89.4 MPH)
|
Batting: RHB Jordan Martin
|
0-0: Called Strike 0-1: Ground out 6-3 (Groundball, 56, EV 103.8 MPH)
|
Batting: RHB Yojiro Hayashi
|
0-0: Called Strike 0-1: Ground out 5-3 (Groundball, 56S, EV 68.8 MPH)
|
Bottom of the 5th over - 0 runs, 0 hits, 0 errors, 0 left on base; Springfield 4 - Mississippi 3 |
TOP OF THE 6TH |
Springfield Cardinals batting - Pitching for Mississippi Braves : RHP Thomas Crowner
|
Batting: RHB Herbert Loveless
|
0-0: Foul Ball, location: 2F 0-1: Ground out 6-3 (Groundball, 6, EV 77.5 MPH)
|
Batting: RHB Fekadu Alhaadi
|
0-0: Ball 1-0: Ball 2-0: Ball 3-0: Base on Balls
|
Batting: LHB Travis Ruppel
|
0-0: Ball Fekadu Alhaadi steals 2nd base 1-0: Foul Ball, location: 2F 1-1: Called Strike 1-2: Ball 2-2: Strikes out swinging
|
Batting: RHB Tyler Walker
|
0-0: Foul Ball, location: 2F 0-1: Swinging Strike 0-2: Ball 1-2: Ball 2-2: Ball 3-2: Fly out, F9 (Flyball, 9, EV 86.9 MPH)
|
Top of the 6th over - 0 runs, 0 hits, 0 errors, 1 left on base; Springfield 4 - Mississippi 3 |
BOTTOM OF THE 6TH |
Mississippi Braves batting - Pitching for Springfield Cardinals : LHP Ed Gates
|
Batting: RHB Erik Coleman
|
0-0: Called Strike 0-1: Ball 1-1: Fly out, F9 (Flyball, 89M, EV 81.9 MPH)
|
Batting: LHB Art D'Ascenzo
|
0-0: Called Strike 0-1: Ball 1-1: Foul Ball, location: 2F 1-2: Foul Ball, location: 2F 1-2: SINGLE (Groundball, 25, EV 66.9 MPH) (infield hit)
|
Batting: RHB Jose Garate
|
0-0: Ball Art D'Ascenzo is caught stealing 2nd base 2-4 1-0: Fly out, F9 (Flyball, 9LM, EV 88.1 MPH)
|
Bottom of the 6th over - 0 runs, 1 hit, 0 errors, 0 left on base; Springfield 4 - Mississippi 3 |
TOP OF THE 7TH |
Springfield Cardinals batting - Pitching for Mississippi Braves : RHP Thomas Crowner
|
Batting: RHB Joe Alley
|
0-0: Called Strike 0-1: Ball 1-1: TRIPLE (Line Drive, 9LD, EV 105.0 MPH)
|
Batting: RHB Jose Rivera
|
0-0: Ball 1-0: Ball 2-0: Swinging Strike 2-1: Ball 3-1: Fly out, F8 (Flyball, 8RD, EV 91.2 MPH)
|
Batting: RHB Davey Beeson
|
0-0: Called Strike 0-1: Ball 1-1: Foul Ball, location: 2F 1-2: Foul Ball, location: 2F 1-2: Fly out, F9 (Line Drive, 89M, EV 88.8 MPH) Runner from 3rd tags up, SCORES, throw by RF
|
Batting: RHB Jose Jimenez
|
0-0: Ball 1-0: Ball 2-0: Swinging Strike 2-1: Fly out, F8 (Flyball, 8RD, EV 96.2 MPH)
|
Top of the 7th over - 1 run, 1 hit, 0 errors, 0 left on base; Springfield 5 - Mississippi 3 |
BOTTOM OF THE 7TH |
Mississippi Braves batting - Pitching for Springfield Cardinals : LHP Ed Gates
|
Now in LF: Jose Jimenez
|
|
Now in CF: Josh Broome
|
|
Now in RF: Fekadu Alhaadi
|
|
Batting: SHB Jose Melendez
|
0-0: Ball 1-0: Ball 2-0: Called Strike 2-1: Foul Ball, location: 2F 2-2: Ball 3-2: Fly out, F9 (Line Drive, 9, EV 90.6 MPH)
|
Batting: SHB David Beauchamp
|
0-0: Ground out 5-3 (Groundball, 56S, EV 70.0 MPH)
|
Batting: RHB Alex Velasquez
|
0-0: Reached on error, E6 (Groundball, 6S, EV 81.2 MPH)
|
Batting: RHB Adrian Billups
|
0-0: Ball 1-0: Swinging Strike 1-1: Foul Ball, location: 2F 1-2: Strikes out swinging
|
Bottom of the 7th over - 0 runs, 0 hits, 1 error, 1 left on base; Springfield 5 - Mississippi 3 |
TOP OF THE 8TH |
Springfield Cardinals batting - Pitching for Mississippi Braves : RHP Thomas Crowner
|
Pitching: LHP Steve Young
|
|
Batting: SHB Jorge Brito
|
0-0: Ball 1-0: Swinging Strike 1-1: Ball 2-1: Swinging Strike 2-2: Strikes out swinging
|
Batting: RHB Herbert Loveless
|
0-0: Called Strike 0-1: Ball 1-1: Ball 2-1: Ball 3-1: Base on Balls
|
Batting: RHB Fekadu Alhaadi
|
0-0: Ball 1-0: Foul Ball, location: 2F Pickoff Throw to First - Out! 1-3 1-1: Ball 2-1: Called Strike 2-2: Ball 3-2: Foul Ball, location: 2F 3-2: Ground out 4-3 (Groundball, 34, EV 106.2 MPH)
|
Top of the 8th over - 0 runs, 0 hits, 0 errors, 0 left on base; Springfield 5 - Mississippi 3 |
BOTTOM OF THE 8TH |
Mississippi Braves batting - Pitching for Springfield Cardinals : LHP Ed Gates
|
Batting: RHB Jordan Martin
|
0-0: Swinging Strike 0-1: Ball 1-1: Swinging Strike 1-2: Foul Ball, location: 2F 1-2: Foul Ball, location: 2F 1-2: Ball 2-2: Strikes out looking
|
Batting: RHB Yojiro Hayashi
|
0-0: Called Strike 0-1: Ground out 5-3 (Groundball, 56S, EV 86.2 MPH)
|
Batting: RHB Erik Coleman
|
0-0: Ball 1-0: Ball 2-0: Foul Ball, location: 2F 2-1: Ground out 5-3 (Groundball, 56S, EV 84.4 MPH)
|
Bottom of the 8th over - 0 runs, 0 hits, 0 errors, 0 left on base; Springfield 5 - Mississippi 3 |
TOP OF THE 9TH |
Springfield Cardinals batting - Pitching for Mississippi Braves : LHP Steve Young
|
Pitching: RHP Damian Molina
|
|
Batting: RHB Josh Broome
|
0-0: Ball 1-0: Swinging Strike 1-1: Ball 2-1: Foul Ball, location: 2F 2-2: Ball 3-2: Strikes out swinging
|
Batting: RHB Tyler Walker
|
0-0: Foul Ball, location: 2F 0-1: Foul Ball, location: 2F 0-2: Ball 1-2: Foul Ball, location: 2F 1-2: Ball 2-2: Ball 3-2: Ground out 5-3 (Groundball, 56, EV 85.0 MPH)
|
Batting: RHB Joe Alley
|
0-0: Swinging Strike 0-1: Hit by Pitch
|
Batting: RHB Jose Rivera
|
0-0: Called Strike 0-1: Ball 1-1: Called Strike 1-2: Fielders Choice at 2nd, 5-4 (Groundball, 56, EV 101.9 MPH)
|
Top of the 9th over - 0 runs, 0 hits, 0 errors, 1 left on base; Springfield 5 - Mississippi 3 |
BOTTOM OF THE 9TH |
Mississippi Braves batting - Pitching for Springfield Cardinals : LHP Ed Gates
|
Pitching: RHP Austin Akers
|
|
Batting: LHB Art D'Ascenzo
|
0-0: Ball 1-0: Ground out 5-3 (Groundball, 56S, EV 88.1 MPH)
|
Batting: RHB Jose Garate
|
0-0: Called Strike 0-1: Ground out 5-3 (Groundball, 56S, EV 83.8 MPH)
|
Batting: SHB Jose Melendez
|
0-0: Called Strike 0-1: Foul Ball, location: 2F 0-2: Ball 1-2: Foul Ball, location: 2F 1-2: Foul Ball, location: 2F 1-2: Fly out, F7 (Flyball, 7D, EV 90.6 MPH)
|
Bottom of the 9th over - 0 runs, 0 hits, 0 errors, 0 left on base; Springfield 5 - Mississippi 3 |
|